 Dungeon Crawl Stone Soup version 0.17.1-2-g5865329 (webtiles) character file.

93 Metrazal the Sneak (level 4, -4/22 HPs)
             Began as a Spriggan Assassin on Feb 4, 2016.
             Slain by Starbucks's ghost (5 damage)
             ... on level 3 of the Dungeon.
             The game lasted 00:20:41 (2353 turns).

Metrazal the Sneak (Spriggan Assassin)              Turns: 2353, Time: 00:20:41

Health: -4/22      AC:  3    Str:  7    XL:     4   Next: 37%
Magic:  14/14      EV: 21    Int: 12    God:
Gold:   166        SH:  0    Dex: 18    Spells: 0 memorised, 3 levels left

rFire  . . .     SeeInvis +     t - +0 hunting sling
rCold  . . .     Clarity  .     c - +0 robe
rNeg   . . .     SustAt   .     (shield restricted)
rPois  .         Gourm    .     (helmet restricted)
rElec  .         Spirit   .     d - +0 cloak
rCorr  .         Warding  .     (gloves unavailable)
rMut   .         Stasis   .     (boots unavailable)
MR     .....                    (no amulet)
Stlth  ++++......               (no ring)
                                r - ring of magical power

@: very quick, not resistant to hostile enchantments, stealthy
A: unfitting armour, see invisible, herbivore 3, speed 3, slow metabolism 2
a: no special abilities


You were on level 3 of the Dungeon.
You were not hungry.

You visited 1 branch of the dungeon, and saw 3 of its levels.

You collected 166 gold pieces.

Inventory:

Hand Weapons
 a - a +2 dagger
 b - a +0 blowgun
 t - a +0 hunting sling (weapon)
Missiles
 e - 5 poisoned needles
 f - 2 curare-tipped needles
 k - 23 stones (quivered)
Armour
 c - a +0 robe (worn)
 d - a +0 cloak (worn)
Jewellery
 r - a ring of magical power (left hand)
Scrolls
 i - 4 scrolls of identify {unknown}
 l - a scroll of fog {unknown}
 n - 2 scrolls of teleportation {unknown}
 s - a scroll of enchant armour {unknown}
Potions
 j - a potion of curing
 m - a potion of agility {unknown}
 o - a potion of might {unknown}
Comestibles
 g - 4 bread rations
 h - a fruit
 q - a slice of pizza


   Skills:
 - Level 1.5 Fighting
 - Level 2.1 Short Blades
 * Level 2.0(2.6) Slings
 - Level 2.0(2.3) Throwing
 + Level 5.5 Dodging
 - Level 5.8 Stealth


You had 3 spell levels left.
You didn't know any spells.

Dungeon Overview and Level Annotations

Branches:
Dungeon (3/15)

Altars:

Annotations:
D:3 Starbucks's ghost, amateur DsFi


Innate Abilities, Weirdness & Mutations

You are tiny and cannot use many weapons and most armour.
You have supernaturally acute eyesight.
You are a herbivore.
You cover ground extremely quickly.
You need consume almost no food.


Message History

Press: ? - help, Shift-Dir - straight line, f/p - Starbucks's ghost
Aim: Starbucks's ghost (heavily damaged)
You shoot a stone.
The stone hits Starbucks's ghost but does no damage.
Starbucks's ghost is heavily damaged.
Starbucks's ghost hits you.
* * * LOW HITPOINT WARNING * * *
You see here a sling bullet.
Firing (i - inventory):
k - 25 stones (quivered)
Press: ? - help, Shift-Dir - straight line, f/p - Starbucks's ghost
Aim: Starbucks's ghost (heavily damaged)
You shoot a stone.
The stone barely misses Starbucks's ghost.
Firing (i - inventory):
k - 24 stones (quivered)
Press: ? - help, Shift-Dir - straight line, f/p - Starbucks's ghost
Aim: Starbucks's ghost (heavily damaged)
You shoot a stone.
The stone closely misses Starbucks's ghost.
Starbucks's ghost hits you.
You die...

####.#######.(....#
....(#.(.#(<..(.(.#
.?......?..#.....(#
.....>..(####.(..##
..####.(.## ##..##
.....#.(..# ##.#
#(.(...### #.#
##...W.$.# #.#
##..@.#.# #.#
####.#... ......
#..... ......
...... ....# ##..#


You could see Starbucks's ghost.

Vanquished Creatures
  Ijyb (D:2)
  2 adders (D:2)
  An ooze (D:1)
  A worm (D:2)
  A giant gecko (D:1)
  A ball python (D:1)
  3 bats
  7 hobgoblins
  5 kobolds
  2 giant cockroaches
  6 goblins
  10 rats
40 creatures vanquished.

Notes
Turn   | Place    | Note
--------------------------------------------------------------
     0 | D:1      | Metrazal the Spriggan Assassin began the quest for the Orb.
     0 | D:1      | Reached XP level 1. HP: 10/10 MP: 2/2
   242 | D:1      | Reached XP level 2. HP: 14/14 MP: 3/3
   773 | D:1      | Reached XP level 3. HP: 18/18 MP: 4/4
  1635 | D:2      | Reached skill level 5 in Dodging
  1802 | D:2      | Noticed Ijyb
  1819 | D:2      | Killed Ijyb
  1819 | D:2      | Reached skill level 1 in Slings
  1819 | D:2      | Reached XP level 4. HP: 13/22 MP: 5/5
  2300 | D:3      | Noticed Starbucks's ghost (amateur DsFi)
  2347 | D:3      | HP: 1/22 [Starbucks's ghost (6)]
  2353 | D:3      | Slain by Starbucks's ghost

Action                   |  1- 3 |  4- 6 || total
-------------------------+-------+-------++-------
Melee: Dagger            |    20 |       ||    20
 Fire: Blowgun           |    45 |     1 ||    46
       Hunting sling     |    11 |    42 ||    53
 Stab: Sleeping          |    30 |       ||    30
